 Dungeon Crawl Stone Soup version 0.29.1-15-g9cfb28693d (webtiles) character file.

Game seed: 9188344066483048154

56 Maria the Stinger (level 3, 0/15 HPs)
             Began as a Felid Venom Mage on Mar 21, 2023.
             Was an Initiate of Yredelemnul.
             Slain by an iguana (15 damage)
             ... on level 3 of the Dungeon.
             The game lasted 00:10:53 (2293 turns).

Maria the Stinger (Felid Venom Mage)                Turns: 2293, Time: 00:10:54

Health: 0/15       AC:  1    Str:  6    XL:     3   Next: 69%
Magic:  2/7        EV: 17    Int: 16    God:    Yredelemnul [......]
Gold:   105        SH:  0    Dex: 16    Spells: 1/7 levels left
                                        Lives:  0   Deaths: 1

rFire   . . .      SeeInvis +     - Unarmed
rCold   . . .      Faith    .   (shield unavailable)
rNeg    . . .      Spirit   .   (body armour unavailable)
rPois   .          Reflect  .   (helmet unavailable)
rElec   .          Harm     .   (cloak unavailable)
rCorr   .          Rampage  .   (gloves unavailable)
Will    .....                   (boots unavailable)
Stlth   ++........              (no amulet)
HPRegen 0.05/turn               (no ring)
MPRegen 0.10/turn               (no ring)

@: quick
A: very small, claws 1, fangs 3, see invisible, speed 1, shaggy fur 1, stealthy
paws, no weapons or thrown items, no armour, multi-lived
a: Renounce Religion, Recall Undead Harvest


You were on level 3 of the Dungeon.
You worshipped Yredelemnul.
Yredelemnul was noncommittal.
You visited 1 branch of the dungeon, and saw 4 of its levels.

You collected 105 gold pieces.

Inventory:

Scrolls
 d - a scroll of teleportation
 e - a scroll of magic mapping
 f - a scroll of enchant weapon


   Skills:
 * Level 1.0 Fighting
 * Level 3.1 Dodging
 * Level 3.3 Stealth
 * Level 1.1 Unarmed Combat
 * Level 2.5 Spellcasting
 * Level 0.4 Conjurations
 * Level 1.6 Transmutations
 * Level 0.5 Air Magic
 * Level 3.4 Poison Magic
 * Level 0.6 Invocations


You had one spell level left.
You knew the following spells:

 Your Spells              Type           Power      Damage    Failure   Level
a - Sting                 Tmut/Pois      40%        1d5       7%          1
b - Poisonous Vapours     Pois/Air       16%        N/A       13%         2
c - Mephitic Cloud        Conj/Pois/Air  6%         N/A       32%         3

Your spell library contained the following spells:

 Spells                   Type           Power      Damage    Failure   Level
 Olgreb's Toxic Radiance  Pois           13%        N/A       43%         4


Dungeon Overview and Level Annotations

Branches:
Dungeon (4/15)
 Temple: D:4-7

Altars:
Yredelemnul


Innate Abilities, Weirdness & Mutations

You have sharp claws.
You have razor-sharp teeth.
You have supernaturally acute eyesight. (SInv)
You cover ground quickly. (Speed+)
You are covered in fur. (AC +1)
Your paws help you pounce on unaware monsters.
You are incapable of wielding weapons or throwing items.
You cannot wear armour.
You gain extra lives every three experience levels.


Message History

Press: ? - help, Shift-Dir - straight line, f/p - goblin
Aim: a goblin, wielding a +0 dagger (heavily wounded, poisoned, 64% to hit)
The sting hits the goblin.
The goblin looks even sicker.
The goblin is almost dead.
The goblin hits you with a +0 dagger.
You kill the goblin!
The dead are walking!
Your Fighting skill increases to level 1!
You see here a +0 dagger.
You see here a +0 dagger.
You swap places.
You see here a +0 dagger.
You swap places.
You see here a +0 dagger.
There is a stone staircase leading up here.
You begin recalling your allies.
Your goblin zombie is recalled.
Robin is recalled.
You finish recalling your allies.
You swap places.
You see here a +0 dagger.
The iguana hisses angrily.
The iguana closely misses you.
Aiming: Poisonous Vapours (safe; 13% risk of failure)
Press: ? - help, Q - select action, (/) - cycle Dir - move target, f - iguana
Aim: an iguana (lightly wounded) Poisonous vapours surround the iguana!
The iguana is poisoned.
The iguana misses you.
Unknown command.
Aiming: Poisonous Vapours (safe; 13% risk of failure)
Press: ? - help, Q - select action, (/) - cycle Dir - move target, f/p - iguana
Aim: an iguana (lightly wounded, poisoned, ally target) Poisonous vapours surround the iguana!
The iguana looks even sicker.
The iguana barely misses you.
Unknown command.
You barely miss the iguana.
The iguana is moderately wounded.
The iguana bites you!
Ouch! That really hurt!
You die...
Your body rises from the dead as a mindless zombie.

#.#####.# #.##
#.#####.# #.
#####.......# #.##
####.......###.#
##<### #........#.#
#.# ##...
#<##)##..#.# ###.
#.##.....#.# #.
#.##.##.##.# #.
#.##.l@....# #.
#...)...#### #.
####Z#### #.
#.####### #.
#....Z..# ########
#.#####Z# #.. ...
#.#####.# #.#####.
#....##Z#####.##....
#<##.............##.


You could see an iguana (very poisoned, ally target) and a friendly goblin
zombie.

Vanquished Creatures
  An iguana (D:3)
  Robin (D:3)
  An ufetubus (D:3)
  2 worms (D:3)
  A dart slug (D:2)
  An orc (D:3)
  5 endoplasms
  4 giant cockroaches
  8 goblins (D:3)
  3 hobgoblins
  2 quokkas
  3 ball pythons
  3 bats
  5 frilled lizards
  4 rats
44 creatures vanquished.

Vanquished Creatures (collateral kills)
  An adder (D:2)
  2 endoplasms
  3 goblins (D:3)
  A kobold (D:1)
  2 ball pythons (D:1)
  A frilled lizard (D:1)
  2 rats
12 creatures vanquished.

Vanquished Creatures (others)
  A worm zombie (D:3)
  A ball python zombie (D:3)
  A frilled lizard zombie (D:3)
  A giant cockroach zombie (D:3)
  2 goblin zombies (D:3)
  A hobgoblin zombie (D:3)
  An orc zombie (D:3)
8 creatures vanquished.

Grand Total: 64 creatures vanquished

Notes
Turn   | Place    | Note
-------+----------+-------------------------------------------
     0 | D:1      | Maria the Felid Venom Mage began the quest for the Orb.
     0 | D:1      | Reached XP level 1. HP: 7/7 MP: 4/4
    56 | D:1      | Found a faded altar of an unknown god.
    65 | D:1      | Prayed at the altar of an unknown god.
    65 | D:1      | Became a worshipper of Yredelemnul the Dark
    65 | D:1      | Reached * piety under Yredelemnul
   529 | D:1      | Reached XP level 2. HP: 11/11 MP: 4/6
   532 | D:1      | Learned a level 2 spell: Poisonous Vapours
  1129 | D:2      | Reached XP level 3. HP: 15/15 MP: 4/7
  1137 | D:2      | Learned a level 3 spell: Mephitic Cloud
  1487 | D:3      | Reached XP level 4. HP: 11/18 MP: 3/8
  1879 | D:3      | Reached skill level 1 in Unarmed Combat
  2183 | D:3      | Noticed Robin
  2201 | D:3      | Killed Robin
  2214 | D:3      | Mangled by an iguana
  2215 | D:3      | Reached XP level 3. HP: -6/15 MP: 7/7
  2246 | D:3      | Reached skill level 1 in Fighting
  2293 | D:3      | Slain by an iguana

Illustrated notes

Levels and vault maps discovered:
D:1:      minmay_arrival_three_doors, layout_loops_corners,
          ebering_ecumenical_altar_abandoned, kennysheep_nondescript,
          kennysheep_doodads, minmay_misc_feat_diagonals
D:2:      layout_basic
D:3:      minmay_recursive_quarters, layout_loops_cross, uniq_robin,
          uniq_natasha, uniq_jessica
D:4:      layout_rooms, marbit_many_paths, uniq_crazy_yiuf_cottage,
          uniq_menkaure, uniq_blork_the_orc

Skill      XL: |  1  2  3  4 |
---------------+-------------+-----
Poison Magic   | 3 |  3.4
Dodging        | 3 |  3.1
Stealth        | 3 |  3.3
Unarmed Combat | 1 |  1.1
Fighting       | 1 |  1.0
Spellcasting   | |  2.5
Conjurations   | |  0.4
Transmutations | |  1.6
Air Magic      | |  0.5
Invocations    | |  0.6

Action                   |  1- 3 |  4- 6 || total
-------------------------+-------+-------++-------
Melee: Unarmed           |    37 |    29 ||    66
       Bite              |     2 |     2 ||     4
       Punch             |       |     1 ||     1
 Cast: Sting             |    13 |     9 ||    22
       Poisonous Vapours |    15 |     8 ||    23
       Mephitic Cloud    |     1 |     3 ||     4
Invok: Recall Undead Har |     1 |       ||     1
  Use: Scroll            |     4 |     4 ||     8
       Potion            |       |     5 ||     5
 Stab: Sleeping          |     2 |     1 ||     3
       Confused          |       |     2 ||     2
       Invisible         |       |     1 ||     1
Armor: Skin              |     6 |     1 ||     7
Dodge: Dodged            |    63 |    38 ||   101
